TOP OF THE 1ST |
Balzac Rams batting - Pitching for Culver City Extras : LHP Sebastián Cervantes
|
Pitching: LHP Sebastián Cervantes
|
|
Batting: RHB Gerald Arnold
|
0-0: Ground out 5-3 (Groundball, 56)
|
Batting: LHB Troy Jackson
|
0-0: SINGLE (Groundball, 56D)
|
Batting: RHB Ken Longoria
|
0-0: Ball 1-0: Called Strike 1-1: Called Strike 1-2: Foul Ball, location: 2F 1-2: Ball 2-2: Foul Ball, location: 2F 2-2: Strikes out swinging
|
Batting: RHB Gunner Allen
|
0-0: Ball 1-0: Ball 2-0: SINGLE (Groundball, 6D) Troy Jackson to second
|
Batting: RHB Tommy Wilson
|
0-0: Ball 1-0: Ball 2-0: Fly out, F3 (Line Drive, 3)
|
Top of the 1st over - 0 run(s), 2 hit(s), 0 error(s), 2 left on base; Balzac 0 - Culver City 0 |
BOTTOM OF THE 1ST |
Culver City Extras batting - Pitching for Balzac Rams : LHP Juan Jiménez
|
Pitching: LHP Juan Jiménez
|
|
Batting: LHB Buddy Rice
|
0-0: Ball 1-0: Ball 2-0: Ball 3-0: Called Strike 3-1: Base on Balls
|
Batting: RHB Horace Johnson
|
0-0: Fly out, F9 (Flyball, 9LS)
|
Batting: SHB Juan Carlos Mesa
|
0-0: Grounds into double play, 1-4-3 (Groundball, 15S)
|
Bottom of the 1st over - 0 run(s), 0 hit(s), 0 error(s), 0 left on base; Balzac 0 - Culver City 0 |
TOP OF THE 2ND |
Balzac Rams batting - Pitching for Culver City Extras : LHP Sebastián Cervantes
|
Batting: LHB Carlos Romero
|
0-0: Ball 1-0: Foul Ball, location: 2F 1-1: SINGLE (Line Drive, 9LS)
|
Batting: RHB Lorenzo Silva
|
0-0: Ball 1-0: Foul Ball, location: 2F 1-1: Ball 2-1: Swinging Strike 2-2: Ball 3-2: Strikes out looking Carlos Romero is caught stealing 2nd base Batter strikes out.
|
Batting: RHB Brian Parks
|
0-0: Called Strike 0-1: Swinging Strike 0-2: Ground out 1-3 (Groundball, P)
|
Top of the 2nd over - 0 run(s), 1 hit(s), 0 error(s), 0 left on base; Balzac 0 - Culver City 0 |
BOTTOM OF THE 2ND |
Culver City Extras batting - Pitching for Balzac Rams : LHP Juan Jiménez
|
Batting: RHB Bob Magee
|
0-0: Ball 1-0: Ground out 4-3 (Groundball, 4)
|
Batting: RHB Max Alexander
|
0-0: Swinging Strike 0-1: Called Strike 0-2: Ball 1-2: Ball 2-2: Ball 3-2: Strikes out swinging
|
Batting: RHB Cooper Richard
|
0-0: Ball 1-0: Called Strike 1-1: Called Strike 1-2: SINGLE (Groundball, 6MD)
|
Batting: RHB Eugene Booth
|
0-0: Ball 1-0: Swinging Strike 1-1: 2-RUN HOME RUN (Line Drive, 9D), Distance : 408 ft
|
Batting: RHB Shawn Gutiérrez
|
0-0: Ball 1-0: Ball 2-0: Ground out 5-3 (Groundball, 56)
|
Bottom of the 2nd over - 2 run(s), 2 hit(s), 0 error(s), 0 left on base; Balzac 0 - Culver City 2 |
TOP OF THE 3RD |
Balzac Rams batting - Pitching for Culver City Extras : LHP Sebastián Cervantes
|
Batting: RHB Ricardo Muñóz
|
0-0: Ball 1-0: Called Strike 1-1: Ball 2-1: Ball 3-1: Foul Ball, location: 2F 3-2: Base on Balls
|
Batting: RHB Gerald Arnold
|
0-0: Called Strike Ricardo Muñóz is caught stealing 2nd base 0-1: Called Strike 0-2: Ball 1-2: Strikes out looking
|
Batting: LHB Troy Jackson
|
0-0: Ground out 6-3 (Groundball, 6)
|
Top of the 3rd over - 0 run(s), 0 hit(s), 0 error(s), 0 left on base; Balzac 0 - Culver City 2 |
BOTTOM OF THE 3RD |
Culver City Extras batting - Pitching for Balzac Rams : LHP Juan Jiménez
|
Batting: LHB Randy Wiggins
|
0-0: Ball 1-0: Foul Ball, location: 2F 1-1: Fly out, F7 (Flyball, 78D)
|
Batting: LHB Buddy Rice
|
0-0: Ball 1-0: Foul Ball, location: 2F 1-1: Called Strike 1-2: Ball 2-2: Ball 3-2: Base on Balls
|
Batting: RHB Horace Johnson
|
0-0: Swinging Strike 0-1: Called Strike 0-2: Ball 1-2: Ball 2-2: Ball 3-2: Fly out, F9 (Line Drive, 9LM)
|
Batting: SHB Juan Carlos Mesa
|
0-0: Ball 1-0: DOUBLE (Groundball, 5L) Buddy Rice to third
|
Batting: RHB Bob Magee
|
0-0: Ball 1-0: Ball 2-0: Called Strike 2-1: Foul Ball, location: 2F 2-2: Foul Ball, location: 2F 2-2: Foul Ball, location: 2F 2-2: Foul Ball, location: 2F 2-2: Fly out, F9 (Flyball, 9LSF)
|
Bottom of the 3rd over - 0 run(s), 1 hit(s), 0 error(s), 2 left on base; Balzac 0 - Culver City 2 |
TOP OF THE 4TH |
Balzac Rams batting - Pitching for Culver City Extras : LHP Sebastián Cervantes
|
Batting: RHB Ken Longoria
|
0-0: Ball 1-0: Foul Ball, location: 2F 1-1: SINGLE (Line Drive, 4MD)
|
Batting: RHB Gunner Allen
|
0-0: Grounds into double play, 5-4-3 (Groundball, 5)
|
Batting: RHB Tommy Wilson
|
0-0: Called Strike 0-1: Foul Ball, location: 2F 0-2: Ball 1-2: Foul Ball, location: 2F 1-2: Ball 2-2: SINGLE (Groundball, 56D)
|
Batting: LHB Carlos Romero
|
0-0: Called Strike 0-1: Ground out U3 (Groundball, 3)
|
Top of the 4th over - 0 run(s), 2 hit(s), 0 error(s), 1 left on base; Balzac 0 - Culver City 2 |
BOTTOM OF THE 4TH |
Culver City Extras batting - Pitching for Balzac Rams : LHP Juan Jiménez
|
Batting: RHB Max Alexander
|
0-0: Ball 1-0: Ball 2-0: Ball 3-0: Base on Balls
|
Batting: RHB Cooper Richard
|
0-0: Called Strike 0-1: SINGLE (Line Drive, 5) Max Alexander to second
|
Batting: RHB Eugene Booth
|
0-0: Ball 1-0: Ball 2-0: Ball 3-0: Called Strike 3-1: Base on Balls Max Alexander to third Cooper Richard to second
|
Batting: RHB Shawn Gutiérrez
|
0-0: Ball 1-0: SINGLE (Line Drive, 4MD) Max Alexander scores Cooper Richard to third Eugene Booth to second Runner from 3rd tries for Home, SAFE, no throw
|
Batting: LHB Randy Wiggins
|
0-0: Called Strike 0-1: Ball 1-1: Foul Ball, location: 2F 1-2: Foul Ball, location: 2F 1-2: Fly out, F3 (Popup, 3L)
|
Batting: LHB Buddy Rice
|
0-0: Ball 1-0: Foul Ball, location: 2F 1-1: Foul Ball, location: 2F 1-2: Ball 2-2: Foul Ball, location: 2F 2-2: SINGLE (Line Drive, 34) Eugene Booth to third Shawn Gutiérrez to second
|
Batting: RHB Horace Johnson
|
0-0: Called Strike 0-1: Ball 1-1: Ball 2-1: Foul Ball, location: 2F 2-2: Grounds into double play, 6-4-3 (Groundball, 6)
|
Bottom of the 4th over - 2 run(s), 3 hit(s), 0 error(s), 2 left on base; Balzac 0 - Culver City 4 |
TOP OF THE 5TH |
Balzac Rams batting - Pitching for Culver City Extras : LHP Sebastián Cervantes
|
Batting: RHB Lorenzo Silva
|
0-0: Ground out 3-1 (Groundball, 34S)
|
Batting: RHB Brian Parks
|
0-0: Foul Ball, location: 2F 0-1: Ball 1-1: Ball 2-1: Ground out 1-3 (Groundball, 13)
|
Batting: RHB Ricardo Muñóz
|
0-0: Fly out, F9 (Flyball, 9LS)
|
Top of the 5th over - 0 run(s), 0 hit(s), 0 error(s), 0 left on base; Balzac 0 - Culver City 4 |
BOTTOM OF THE 5TH |
Culver City Extras batting - Pitching for Balzac Rams : LHP Juan Jiménez
|
Batting: SHB Juan Carlos Mesa
|
0-0: Called Strike 0-1: Ball 1-1: Ball 2-1: Foul Ball, location: 2F 2-2: Ball 3-2: Strikes out swinging
|
Batting: RHB Bob Magee
|
0-0: Ball 1-0: Called Strike 1-1: SOLO HOME RUN (Flyball, 78XD), Distance : 390 ft
|
Batting: RHB Max Alexander
|
0-0: Called Strike 0-1: Foul Ball, location: 2F 0-2: Strikes out swinging
|
Batting: RHB Cooper Richard
|
0-0: Ball 1-0: Called Strike 1-1: Fly out, F8 (Flyball, 8RD)
|
Bottom of the 5th over - 1 run(s), 1 hit(s), 0 error(s), 0 left on base; Balzac 0 - Culver City 5 |
TOP OF THE 6TH |
Balzac Rams batting - Pitching for Culver City Extras : LHP Sebastián Cervantes
|
Batting: RHB Gerald Arnold
|
0-0: Ball 1-0: Ground out 6-3 (Groundball, 6)
|
Batting: LHB Troy Jackson
|
0-0: SINGLE (Line Drive, 8LS)
|
Batting: RHB Ken Longoria
|
0-0: Called Strike 0-1: Ball 1-1: Foul Ball, location: 2F 1-2: Ball 2-2: Grounds into double play, 6-4-3 (Groundball, 6)
|
Top of the 6th over - 0 run(s), 1 hit(s), 0 error(s), 0 left on base; Balzac 0 - Culver City 5 |
BOTTOM OF THE 6TH |
Culver City Extras batting - Pitching for Balzac Rams : LHP Juan Jiménez
|
Batting: RHB Eugene Booth
|
0-0: Swinging Strike 0-1: Ground out U3 (Groundball, 34)
|
Pitching: RHP John Harris
|
|
Batting: RHB Shawn Gutiérrez
|
0-0: Called Strike 0-1: SOLO HOME RUN (Flyball, 7LD), Distance : 442 ft
|
Batting: LHB Randy Wiggins
|
0-0: Ball 1-0: Foul Ball, location: 2F 1-1: SINGLE (Groundball, 6D)
|
Batting: LHB Buddy Rice
|
0-0: Called Strike 0-1: Ball Randy Wiggins is caught stealing 2nd base 1-1: Fly out, F7 (Flyball, 7S)
|
Bottom of the 6th over - 1 run(s), 2 hit(s), 0 error(s), 0 left on base; Balzac 0 - Culver City 6 |
TOP OF THE 7TH |
Balzac Rams batting - Pitching for Culver City Extras : LHP Sebastián Cervantes
|
Batting: RHB Gunner Allen
|
0-0: SINGLE (Line Drive, 78S)
|
Batting: RHB Tommy Wilson
|
0-0: Ball 1-0: Ball Gunner Allen steals 2nd base 2-0: Ball 3-0: Base on Balls
|
Batting: LHB Carlos Romero
|
0-0: Swinging Strike 0-1: Swinging Strike 0-2: Foul Ball, location: 2F 0-2: Ball 1-2: Ball 2-2: Strikes out swinging
|
Batting: RHB Lorenzo Silva
|
0-0: SINGLE (Line Drive, 8RS) Gunner Allen to third Tommy Wilson to second
|
Batting: RHB Brian Parks
|
0-0: Grounds into double play, 4-6-3 (Groundball, 4)
|
Top of the 7th over - 0 run(s), 2 hit(s), 0 error(s), 2 left on base; Balzac 0 - Culver City 6 |
BOTTOM OF THE 7TH |
Culver City Extras batting - Pitching for Balzac Rams : RHP John Harris
|
Batting: RHB Horace Johnson
|
0-0: Ball 1-0: Called Strike 1-1: Ball 2-1: Ball 3-1: Base on Balls
|
Batting: SHB Juan Carlos Mesa
|
0-0: Called Strike 0-1: Ball 1-1: SINGLE (Groundball, 34D) Horace Johnson to second Runner from 2nd tries for 3rd, SAFE, no throw
|
Batting: RHB Bob Magee
|
0-0: Ball 1-0: Called Strike 1-1: Called Strike 1-2: SINGLE (Groundball, 34S) (infield hit) Horace Johnson scores Juan Carlos Mesa to second
|
Batting: RHB Max Alexander
|
0-0: Called Strike 0-1: Ball 1-1: SINGLE (Flyball, 8LS) Juan Carlos Mesa to third Bob Magee to second
|
Batting: RHB Cooper Richard
|
0-0: Called Strike 0-1: Ball 1-1: Ball 2-1: Ball 3-1: Called Strike 3-2: Base on Balls Juan Carlos Mesa scores Bob Magee to third Max Alexander to second
|
Batting: RHB Eugene Booth
|
0-0: Foul Ball, location: 2F 0-1: Ball 1-1: SINGLE (Line Drive, 4MD) Bob Magee scores Max Alexander to third Cooper Richard to second Runner from 3rd tries for Home, SAFE, no throw
|
Pitching: LHP Ben Turner
|
|
Batting: RHB Shawn Gutiérrez
|
0-0: Ball 1-0: Ball 2-0: Swinging Strike 2-1: Fly out, F9 (Flyball, 89M)
|
Batting: LHB Randy Wiggins
|
0-0: Ball Cooper Richard steals 3rd base Eugene Booth to second 1-0: TRIPLE (Flyball, 8RXD) Cooper Richard scores Eugene Booth scores
|
Batting: LHB Buddy Rice
|
0-0: Called Strike 0-1: Swinging Strike 0-2: Foul Ball, location: 2F 0-2: Strikes out looking
|
Batting: RHB Horace Johnson
|
0-0: Fly out, F4 (Line Drive, 4)
|
Bottom of the 7th over - 6 run(s), 5 hit(s), 0 error(s), 1 left on base; Balzac 0 - Culver City 12 |
TOP OF THE 8TH |
Balzac Rams batting - Pitching for Culver City Extras : LHP Sebastián Cervantes
|
Now at 3B: Artie Pennington
|
|
Batting: RHB Ricardo Muñóz
|
0-0: Fly out, F8 (Flyball, 8LD)
|
Batting: RHB Gerald Arnold
|
0-0: Called Strike 0-1: Foul Ball, location: 2F 0-2: Ball 1-2: Ball 2-2: Foul Ball, location: 2F 2-2: SINGLE (Flyball, 78S)
|
Batting: LHB Troy Jackson
|
0-0: Fielders Choice at 2nd, 5-4 (Groundball, 56)
|
Batting: RHB Ken Longoria
|
0-0: DOUBLE (Line Drive, 9D) Troy Jackson to third Runner from 3rd tries for Home, SAFE, no throw
|
Batting: RHB Gunner Allen
|
0-0: Called Strike 0-1: Foul Ball, location: 2F 0-2: Ball 1-2: Ball 2-2: Strikes out swinging
|
Top of the 8th over - 1 run(s), 2 hit(s), 0 error(s), 1 left on base; Balzac 1 - Culver City 12 |
BOTTOM OF THE 8TH |
Culver City Extras batting - Pitching for Balzac Rams : LHP Ben Turner
|
Batting: SHB Juan Carlos Mesa
|
0-0: Ball 1-0: Swinging Strike 1-1: Called Strike 1-2: Foul Ball, location: 2F 1-2: Ball 2-2: Foul Ball, location: 2F 2-2: Ball 3-2: Foul Ball, location: 2F 3-2: Strikes out swinging
|
Batting: RHB Artie Pennington
|
0-0: Fly out, F9 (Flyball, 89M)
|
Batting: RHB Max Alexander
|
0-0: Ball 1-0: Called Strike 1-1: Ball 2-1: Foul Ball, location: 2F 2-2: Foul Ball, location: 2F 2-2: Ground out 6-3 (Groundball, 6)
|
Bottom of the 8th over - 0 run(s), 0 hit(s), 0 error(s), 0 left on base; Balzac 1 - Culver City 12 |
TOP OF THE 9TH |
Balzac Rams batting - Pitching for Culver City Extras : LHP Sebastián Cervantes
|
Batting: RHB Tommy Wilson
|
0-0: Ball 1-0: Ball 2-0: Fly out, F7 (Line Drive, 7D)
|
Batting: LHB Carlos Romero
|
0-0: Called Strike 0-1: Ball 1-1: Foul Ball, location: 2F 1-2: Strikes out swinging
|
Batting: RHB Lorenzo Silva
|
0-0: Called Strike 0-1: Ball 1-1: Ball 2-1: DOUBLE (Flyball, 78D)
|
Pitching: RHP Alden Parker
|
|
Batting: RHB Brian Parks
|
0-0: Hit by Pitch
|
Batting: RHB Ricardo Muñóz
|
0-0: Foul Ball, location: 2F 0-1: Ball 1-1: Foul Ball, location: 2F 1-2: Foul Ball, location: 2F 1-2: Ball 2-2: Strikes out swinging
|
Top of the 9th over - 0 run(s), 1 hit(s), 0 error(s), 2 left on base; Balzac 1 - Culver City 12 |
|